 Dungeon Crawl Stone Soup version 0.31.0-11-ge490571c62 (webtiles) character file.

Game seed: 10759573271317391279

18 dialectric the Shield-Bearer (level 2, -3/25 HPs)
             Began as a Minotaur Wanderer on Jan 29, 2024.
             Slain by Sigmund
             ... wielding a +0 scythe
              (8 damage)
             ... on level 2 of the Dungeon.
             The game lasted 00:01:43 (869 turns).

dialectric the Shield-Bearer (Minotaur Wanderer)     Turns: 869, Time: 00:01:44

Health: -3/25      AC:  6    Str: 14    XL:     2   Next: 48%
Magic:  1/1        EV:  8    Int:  8    God:
Gold:   97         SH:  0    Dex: 12    Spells: 1/1 levels left

rFire   . . .        a - +0 short sword
rCold   . . .        b - +2 buckler
rNeg    . . .        c - +0 scale mail
rPois   .            (helmet restricted)
rElec   .            (no cloak)
rCorr   .            (no gloves)
SInv    .            (no boots)
Will    .....        (no amulet) Stlth
                     (no ring)
HPRegen 0.24/turn    (no ring)
MPRegen 0.07/turn

%: no passive effects
@: confused, very slow
A: horns 2, retaliatory headbutt
a: no special abilities


You were on level 2 of the Dungeon.
You visited 1 branch of the dungeon, and saw 2 of its levels.

You collected 97 gold pieces.

Inventory:

Hand Weapons
 a - a +0 short sword (weapon)
 i - a +0 short sword of venom
Armour
 b - a +2 buckler (worn)
 c - a +0 scale mail (worn)
Scrolls
 g - a scroll of teleportation {unknown}
 h - a scroll of enchant armour {unknown}
Potions
 d - a potion of lignification
 e - a potion of might {unknown}
 f - a potion of magic


   Skills:
 * Level 2.8 Fighting
 - Level 3.2 Short Blades
 + Level 1.2 Armour
 * Level 0.7 Dodging
 + Level 4.3 Shields
 - Level 1.0 Evocations


You had one spell level left.
You didn't know any spells.
Your spell library was empty.

Dungeon Overview and Level Annotations

Branches:
Dungeon (2/15)

Altars:

Annotations:
D:2 Sigmund


Innate Abilities, Weirdness & Mutations

You have a pair of horns on your head.
You reflexively headbutt those who attack you in melee.


Message History

The hobgoblin throws a stone.
You block the stone. Sigmund casts a spell at you.
You are confused.
The hobgoblin throws a stone.
The stone hits you.
You are too confused!
You are too confused!
Sigmund screams, "Don't try to resist!"
You bump into the rock wall.
The hobgoblin completely misses you. Sigmund casts a spell at you.
You are more confused.
You hit the hobgoblin but do no damage.
The hobgoblin hits you with a +0 hand axe.
You enter the shallow water.
Moving in this stuff is going to be slow.
The hobgoblin hits you but does no damage.
The hobgoblin throws a stone.
The stone hits you.
Sigmund screams, "Only death can liberate you!"
Sigmund casts a spell at you. The magic dart hits you.
Okay, then.
Sigmund gestures at you while chanting.
You are more confused.
Sigmund barely misses you.
The hobgoblin splashes around in the water.
There are no items here.
You nearly stumble into some deep water!
The hobgoblin closely misses you. Sigmund barely misses you.
You nearly stumble into some deep water!
A goblin comes into view. It is wielding a +0 club.
The hobgoblin barely misses you. Sigmund barely misses you.
The hobgoblin throws a stone.
The stone barely misses you.
You enter the shallow water.
Moving in this stuff is going to be slow.
The hobgoblin hits you with a +0 hand axe.
* * * LOW HITPOINT WARNING * * *
Sigmund attacks as he pursues you!
Sigmund hits you from afar with a +0 scythe!
You die...
Sigmund begins carving another notch in his scythe.

.#####.###
#.#.).#......
......g.###.#..#.######
##..~≈~...#.##.##
#.~.≈.~~....##.# #
#~~.~.)≈....# #.
#~≈..~≈~♣~.###.
#..###..≈@~..~....
#.[..♣.~g..?~.### #
#)≈~≈@~#### .###.
##~.~♣..~.#
.....#####.≈.~.~~#
.####....~♣~♣.≈~!...
......†.###.....####
.####.#.# ##....# #.#.#
..#.# #.#.####.##.#
#..<........


You could see Sigmund, a hobgoblin and a goblin (wandering).

Vanquished Creatures
  A dart slug (D:2)
  2 goblins (D:1)
  4 kobolds
  A quokka (D:1)
  2 ball pythons (D:1)
  3 bats
  2 frilled lizards
  3 rats (D:2)
18 creatures vanquished.

Notes
Turn   | Place    | Note
-------+----------+-------------------------------------------
     0 | D:1      | dialectric the Minotaur Wanderer began the quest for the
                  | Orb.
     0 | D:1      | dialectric set off with the following items: a +0 short
                  | sword, a +2 buckler, a +0 scale mail, a potion of
                  | lignification.
     0 | D:1      | Reached XP level 1. HP: 18/18 MP: 0/0
   114 | D:1      | Reached skill level 4 in Shields
   272 | D:1      | Reached XP level 2. HP: 23/25 MP: 1/1
   520 | D:2      | Noticed Sigmund
   869 | D:2      | Slain by Sigmund

Illustrated notes

Levels and vault maps discovered:
D:1:      minmay_arrival_wavy_path, layout_loops_ring
D:2:      layout_loops_ring, chequers_serial_rivers_marsh,
          minmay_shallow_snake_nest, uniq_sigmund

Skill      XL: |  1 |
---------------+----+-----
Shields        | 4 |  4.3
Fighting       | |  2.8
Short Blades   | |  3.2
Armour         | |  1.2
Dodging        | |  0.7
Evocations     | |  1.0

Action                     || total
---------------------------++-------
  Melee: Short sword       ||    48
         Headbutt          ||     4
    Use: Potion            ||     2
 Armour: Scale mail        ||    42
  Dodge: Dodged            ||    19
  Block: Buckler           ||    10
